 Dungeon Crawl Stone Soup version 0.31-a0-1225-g50297eb6a4 (webtiles) character file.

Game seed: 3878318413371199142

87 inmateoo the Ruffian (level 4, 0/36 HPs)
             Began as a Draconian Shapeshifter on Dec 15, 2023.
             Slain by Sigmund
             ... wielding a +0 scythe
              (6 damage)
             ... on level 2 of the Dungeon.
             The game lasted 00:01:49 (1542 turns).

inmateoo the Ruffian (Draconian Shapeshifter)       Turns: 1542, Time: 00:01:50

Health: 0/36       AC:  5    Str: 16    XL:     4   Next: 28%
Magic:  4/4        EV: 12    Int: 10    God:
Gold:   144        SH:  0    Dex: 13    Spells: 3/3 levels left

rFire   . .          .
                       - Unarmed
rCold   . . .        (no shield)
rNeg    . . .        (body armour unavailable)
rPois   .            (helmet currently unavailable)
rElec   .            (cloak currently unavailable)
rCorr   .            (gloves currently unavailable)
SInv    .            (boots currently unavailable)
Will    .....        (no amulet)
Stlth   +            (no ring)
HPRegen 0.26/turn    (no ring)
MPRegen 0.09/turn

%: no passive effects
@: confused, beast-form
A: beast (slay +1), AC +5, unfitting armour, cold-blooded
a: Begin Untransformation


You were on level 2 of the Dungeon.
You were a hulking beast.
You visited 1 branch of the dungeon, and saw 2 of its levels.

You collected 144 gold pieces.

Inventory:

Armour
 f - a +0 pair of boots
Talismans
 b - a beast talisman (active)
 c - a flux talisman
 d - a granite talisman
Scrolls
 a - a scroll of immolation {unknown}
Potions
 e - 2 potions of resistance
 g - a potion of haste {unknown}
 h - 2 potions of curing {unknown}
 l - 2 potions of mutation {unknown}


   Skills:
 + Level 2.1 Fighting
 + Level 2.3 Dodging
 * Level 4.0 Unarmed Combat
 * Level 3.4 Shapeshifting


You had 3 spell levels left.
You didn't know any spells.
Your spell library contained the following spells:

 Spells                   Type           Power      Damage    Failure   Level
 Inner Flame              Hex/Fire       0%         N/A       75%         3
 Flame Wave               Conj/Fire      0%         2d4       98%         4
 Sticky Flame             Conj/Fire      0%         2d3       98%         4


Dungeon Overview and Level Annotations

Branches:
Dungeon (2/15)

Altars:

Annotations:
D:2 Sigmund


Innate Abilities, Weirdness & Mutations

You are a hulking beast.
Your limbs bulge with bestial killing power. (Slay +1)
Your plain brown scales are hard. (AC +5)
You cannot fit into any form of body armour.
You are cold-blooded and may be slowed by cold attacks.


Message History

An endoplasm is nearby!
The endoplasm quivers.
An endoplasm is nearby!
You punch the endoplasm!
You kill the endoplasm!
No target in view!
Sigmund the Dreaded comes into view.
He is wielding a +0 scythe.
Found 2 gold pieces.
Sigmund is nearby!
Sigmund is nearby!
Sigmund casts a spell at you.
You are confused.
You are too confused!
You bump into the rock wall.
You bump into the rock wall.
Sigmund mumbles some strange words.
Sigmund flickers and vanishes!
Deactivating autopickup; reactivate with Ctrl-A.
You bump into the rock wall.
You are more confused.
You bump into the rock wall.
You bump into the rock wall.
You bump into the rock wall.
You hear some strange, mumbled words.
A puff of flame appears from out of thin air!
The puff of flame hits you!
You bump into the rock wall.
Something hits you! Something hits you but does no damage.
Okay, then.
You're too confused to move!
You feel less confused.
You hear some strange, mumbled words.
Something tries to affect you, but you resist.
A magic dart appears from out of thin air!
The magic dart hits you.
You are confused.
You bump into the rock wall.
Something hits you!
* * * LOW HITPOINT WARNING * * *
You bump into the rock wall.
Something hits you.
You die...

......##.##.# #.#
#..####†##### #...#
#.##.# #.# #............
##. #.##.# #.#
#.#####.##### #
#.##.####.###.## #.#
#..............####.#####
####.#######.....##......
#.#######.....#######.
#......)......#######.
#..{.h..#..÷..##...[..
##.####.#.....##.#####
####### #.# #.###.#.##.#
.....####.# .# #.#.##.#
####.#.##.#.####.#
#.#.##.#
##.#....#.#.....<.#
#.#.##.#####
#.#......###..#####
#....)...... #......##
##># ###.##.#####
...#......###..#
#.........


There were no monsters in sight!

Vanquished Creatures
  A gnoll (D:1)
  3 adders (D:2)
  A worm (D:2)
  A dart slug (D:1)
  2 endoplasms
  A giant cockroach (D:2)
  7 goblins
  7 hobgoblins
  A quokka (D:1)
  5 ball pythons
  5 bats
  3 frilled lizards
  3 kobolds (D:1)
  6 rats (D:1)
46 creatures vanquished.

Notes
Turn   | Place    | Note
-------+----------+-------------------------------------------
     0 | D:1      | inmateoo the Draconian Shapeshifter began the quest for the
                  | Orb.
     0 | D:1      | Reached XP level 1. HP: 16/16 MP: 1/1
   170 | D:1      | Reached XP level 2. HP: 21/23 MP: 2/2
   492 | D:1      | Reached XP level 3. HP: 29/29 MP: 3/3
  1398 | D:2      | Reached XP level 4. HP: 34/36 MP: 4/4
  1403 | D:2      | Reached skill level 4 in Unarmed Combat
  1511 | D:2      | Noticed Sigmund
  1542 | D:2      | Slain by Sigmund

Illustrated notes

Levels and vault maps discovered:
D:1:      dpeg_arrival_pits, layout_basic, nicolae_figureground_pulse
D:2:      layout_loops_ring, uniq_sigmund

Skill      XL: |  1  2  3  4 |
---------------+-------------+-----
Dodging        | 2 |  2.3
Fighting       | 2 |  2.1
Unarmed Combat | 4 |  4.0
Shapeshifting  | |  3.4

Action                     |  1- 3 |  4- 6 || total
---------------------------+-------+-------++-------
  Melee: Unarmed           |    98 |    17 ||   115
         Tailslap          |     9 |     1 ||    10
         Punch             |     2 |       ||     2
    Use: Potion            |     1 |       ||     1
         Scroll            |     5 |       ||     5
 Armour: Skin              |    55 |    11 ||    66
  Dodge: Dodged            |    57 |    13 ||    70
   Form: Beast             |     1 |       ||     1

Table legend: (Time is in decaauts)
 A = Elapsed time spent in this place.
 B = Non-inter-level travel time spent in this place.
 C = Inter-level travel time spent in this place.
 D = Time resting spent in this place.
 E = Time spent auto-exploring this place.
 F = Levels seen in this place.
 G = Mean time per level.
                   A        B        C        D        E       F      G
               +--------+--------+--------+--------+--------+-----+--------+
         Total |   1534 |   1491 |     43 |    310 |    809 |   2 |  767.0 |
       Dungeon |   1534 |   1491 |     43 |    310 |    809 |   2 |  767.0 |
               +--------+--------+--------+--------+--------+-----+--------+

Top non-repeatable levels by time:
     D:1: 1080 daAuts
     D:2: 453 daAuts
